 Dungeon Crawl Stone Soup version 0.21-a0-552-g593960d (webtiles) character file.

327 polly the Skirmisher (level 6, 11/49 HPs)
             Began as a Demonspawn Berserker on Dec 18, 2017.
             Was a Believer of Trog.
             Quit the game on level 3 of the Dungeon.
             The game lasted 00:04:02 (1895 turns).

polly the Skirmisher (Demonspawn Berserker)         Turns: 1895, Time: 00:04:03

Health: 11/49      AC:  7    Str: 19    XL:     6   Next: 24%
Magic:  6/6        EV: 12    Int:  9    God:    Trog [**....]
Gold:   172        SH:  0    Dex: 12    Spells: 5/5 levels left

rFire    + . .     SeeInvis .   a - +0 hand axe
rCold    + . .     Gourm    .   (no shield)
rNeg     . . .     Faith    .   h - +0 ring mail
rPois    .         Spirit   .   (no helmet)
rElec    .         Reflect  .   e - scarf {rC+ rF+}
rCorr    .         Harm     .   (no gloves)
MR       .....                  (no boots)
Stlth    +++.......             (no amulet)
HPRegen  0.16/turn              (no ring)
MPRegen  0.10/turn              (no ring)

@: berserk cooldown, starving, slowed, very slow
A: molten scales 1, nightstalker 2, rot immunity
a: Berserk, Trog's Hand, Burn Spellbooks, Renounce Religion


You were on level 3 of the Dungeon.
You worshipped Trog.
Trog was pleased with you.
You were starving.

You visited 1 branch of the dungeon, and saw 3 of its levels.

You collected 172 gold pieces.

Inventory:

Hand Weapons
 a - a +0 hand axe (weapon)
Armour
 e - a scarf of resistance (worn)
 h - a +0 ring mail (worn)
Wands
 l - a wand of paralysis (12)
Scrolls
 f - 4 scrolls of remove curse {unknown}
 g - 3 scrolls of identify {unknown}
 j - a scroll of immolation {unknown}
 n - a scroll of enchant weapon {unknown}
Potions
 b - a potion of flight {unknown}
 d - a potion of brilliance {unknown}
 i - a potion of might {unknown}
 m - a potion of mutation {unknown}
Comestibles
 c - 3 bread rations
 k - a royal jelly


   Skills:
 + Level 4.4 Fighting
 - Level 2.9 Axes
 + Level 3.4 Armour
 * Level 3.2 Dodging
 * Level 2.2 Stealth
   Level 0.4 Shields


You had 5 spell levels left.
You didn't know any spells.

Dungeon Overview and Level Annotations

Branches:
Dungeon (3/15)

Altars:


Innate Abilities, Weirdness & Mutations

You are partially covered in molten scales. (AC +2)
You are significantly more attuned to the shadows.
You are immune to rotting.


Message History

Terence is severely wounded.
Terence misses you.
Unknown command.
You hit Terence.
Terence is almost dead.
Terence hits you with a flail.
* * * LOW HITPOINT WARNING * * *
Unknown command.
You slash Terence!
You kill Terence!
Trog accepts your kill.
Unknown command.
You are no longer berserk.
You are exhausted.
You feel yourself slow down.
Items here: ) [ †† a flail; a chain mail; the human corpse of Terence; a leopard gecko corpse
Okay, then.
You see here a jackal corpse.
Are you sure you want to abandon this character and quit the game? (Confirm with "yes".)

.............
..............
.............#
.............#
.............##
...............
...............
.......)†@##..
######.#<##
#...# .......
..#.##### . #.
#.


There were no monsters in sight!

Vanquished Creatures
  Grinder (D:3)
  Terence (D:3)
  4 adders (D:2)
  An ooze (D:1)
  A worm (D:2)
  5 dart slugs
  4 leopard geckos
  5 bats
  5 giant cockroaches
  6 hobgoblins (D:2)
  2 jackals (D:3)
  7 kobolds
  A ball python (D:2)
  2 goblins (D:2)
  7 rats
52 creatures vanquished.

Notes
Turn   | Place    | Note
-------+----------+-------------------------------------------
     0 | D:1      | polly the Demonspawn Berserker began the quest for the Orb.
     0 | D:1      | Reached XP level 1. HP: 18/18 MP: 1/1
   297 | D:1      | Gained mutation: You are partially covered in molten scales. (AC +2) [demonic ancestry]
   297 | D:1      | Reached XP level 2. HP: 19/24 MP: 2/2
   773 | D:2      | Reached XP level 3. HP: 29/29 MP: 3/3
   841 | D:2      | Reached ** piety under Trog
  1410 | D:2      | Gained mutation: You are slightly more attuned to the shadows. [demonic ancestry]
  1410 | D:2      | Reached XP level 4. HP: 36/37 MP: 4/4
  1449 | D:2      | Reached skill level 1 in Stealth
  1869 | D:3      | Noticed Grinder
  1871 | D:3      | Noticed Terence
  1885 | D:3      | Killed Grinder
  1885 | D:3      | Reached skill level 4 in Fighting
  1885 | D:3      | Gained mutation: You are immune to rotting. [demonic ancestry]
  1885 | D:3      | Reached XP level 5. HP: 19/43 MP: 5/5
  1885 | D:3      | Gained mutation: You are significantly more attuned to the shadows. [demonic ancestry]
  1885 | D:3      | Reached XP level 6. HP: 22/49 MP: 6/6
  1891 | D:3      | Killed Terence
  1895 | D:3      | Quit the game

Vault maps used:
D:1:      scummos_arrival_star
D:2:      serial_bayou_pond_b, minmay_pentomino_v4
D:3:      cheibrodos_greedy_goblins, lemuel_zombie_altar_yredelemnul,
          first_bread, uniq_grinder, uniq_natasha, uniq_ijyb, uniq_terence

Skill      XL: |  1  2  3  4 |
---------------+-------------+-----
Dodging        | 2 3 |  3.2
Armour         | 2 3 |  3.4
Stealth        | 2 |  2.2
Fighting       | 4 |  4.4
Axes           | |  2.9
Shields        | |  0.4

Action                   |  1- 3 |  4- 6 || total
-------------------------+-------+-------++-------
Melee: Hand axe          |   108 |    50 ||   158
Invok: Berserk           |       |     1 ||     1
 Stab: Sleeping          |     2 |       ||     2
  Eat: Chunk             |     1 |     1 ||     2
Armor: Animal skin       |    12 |       ||    12
       Ring mail         |    23 |    31 ||    54
Dodge: Dodged            |    43 |    27 ||    70
Block: Shield            |    18 |    13 ||    31

Table legend:
 A = Spawn XP
 B = Non-spawn XP
 C = Spawn XP percentage of total XP
 D = Spawn monster count
 E = Non-spawn monster count
 F = Spawn count percentage of total count
 G = Total turns spent on level
                    A         B        C        D         E        F      G
               +---------+---------+-------+---------+---------+-------+---------
         Total |       0 |     468 |   0.0 |       0 |      52 |   0.0 |  1895
               +---------+---------+-------+---------+---------+-------+---------
           D:1 |       0 |      35 |   0.0 |       0 |      13 |   0.0 |   745
           D:2 |       0 |     108 |   0.0 |       0 |      33 |   0.0 |  1124
           D:3 |       0 |     325 |   0.0 |       0 |       6 |   0.0 |    26
               +---------+---------+-------+---------+---------+-------+---------
